PAAA
BLOOMINGTON LONGNECKS @ SYRACUSE STARKS
08/12/2042
 
TOP OF THE 1ST
Bloomington Longnecks batting - Pitching for Syracuse Starks : RHP Edmund Blackadder
Pitching: RHP Edmund Blackadder
Batting: RHB Nelson Jaramillo 0-0: Called Strike
0-1: Called Strike
0-2: Foul Ball, location: 2F
0-2: Ball
1-2: Fly out, F9 (Line Drive, 9, EV 106.2 MPH)
Batting: LHB Leonid Machehin 0-0: Foul Ball, location: 2F
0-1: Ball
1-1: SINGLE (Groundball, 4MD, EV 105.0 MPH)
Batting: RHB Dylan Stavely 0-0: Foul Ball, location: 2F
0-1: Swinging Strike
0-2: Grounds into double play, 6-4-3 (Groundball, 6, EV 91.9 MPH)
Top of the 1st over - 0 runs, 1 hit, 0 errors, 0 left on base; Bloomington 0 - Syracuse 0
BOTTOM OF THE 1ST
Syracuse Starks batting - Pitching for Bloomington Longnecks : RHP Govaart van Ankeren
Pitching: RHP Govaart van Ankeren
Batting: RHB Yoshiki Shimizu 0-0: Foul Ball, location: 2F
0-1: Swinging Strike
0-2: Fly out, F7 (Flyball, 7S, EV 93.1 MPH)
Batting: RHB Akke Derksen 0-0: Called Strike
0-1: Ball
1-1: Foul Ball, location: 2F
1-2: Ball
2-2: Strikes out swinging
Batting: RHB Arsenio Laurel 0-0: Foul Ball, location: 2F
0-1: Foul Ball, location: 2F
0-2: Ball
1-2: Ball
2-2: Fly out, F9 (Flyball, 9, EV 90.0 MPH)
Bottom of the 1st over - 0 runs, 0 hits, 0 errors, 0 left on base; Bloomington 0 - Syracuse 0
TOP OF THE 2ND
Bloomington Longnecks batting - Pitching for Syracuse Starks : RHP Edmund Blackadder
Batting: LHB Vicente Gomillion 0-0: Called Strike
0-1: Called Strike
0-2: Ball
1-2: Foul Ball, location: 2F
1-2: Ball
2-2: Ball
3-2: Fly out, F9 (Flyball, 9, EV 83.8 MPH)
Batting: LHB Craig Morgan 0-0: Ball
1-0: Foul Ball, location: 2F
1-1: Ball
2-1: Foul Ball, location: 2F
2-2: Ball
3-2: SINGLE (Line Drive, 78M, EV 99.4 MPH)
Batting: SHB Jorge Rocha 0-0: Foul Ball, location: 2F
0-1: Ball
1-1: Swinging Strike
1-2: Ball
2-2: Foul Ball, location: 2F
2-2: Strikes out swinging
Batting: RHB James Strickland 0-0: Called Strike
0-1: SINGLE (Line Drive, 8LS, EV 100.6 MPH)
Craig Morgan to second
Runner from 2nd tries for 3rd, SAFE, throw by CF made to third
Batting: SHB Junior O'Day 0-0: Ball
1-0: Fly out, F7 (Flyball, 7S, EV 81.2 MPH)
Top of the 2nd over - 0 runs, 2 hits, 0 errors, 2 left on base; Bloomington 0 - Syracuse 0
BOTTOM OF THE 2ND
Syracuse Starks batting - Pitching for Bloomington Longnecks : RHP Govaart van Ankeren
Batting: LHB Martín Pliego 0-0: Ball
1-0: Called Strike
1-1: Ground out 4-3 (Groundball, 4, EV 77.5 MPH)
Batting: RHB Luther H. Greene 0-0: Ball
1-0: Called Strike
1-1: Ball
2-1: Ball
3-1: Called Strike
3-2: Fly out, F6 (Line Drive, 6, EV 63.8 MPH)
Batting: RHB Atanza Vongor 0-0: Ball
1-0: Fly out, F4 (Line Drive, 4, EV 77.5 MPH)
Bottom of the 2nd over - 0 runs, 0 hits, 0 errors, 0 left on base; Bloomington 0 - Syracuse 0
TOP OF THE 3RD
Bloomington Longnecks batting - Pitching for Syracuse Starks : RHP Edmund Blackadder
Batting: RHB Júlio Rodríguez 0-0: Ball
1-0: Foul Ball, location: 2F
1-1: Swinging Strike
1-2: Ball
2-2: Strikes out swinging
Batting: RHB Nelson Jaramillo 0-0: Ball
1-0: Foul Ball, location: 2F
1-1: Swinging Strike
1-2: Ball
2-2: Foul Ball, location: 2F
2-2: SOLO HOME RUN (Flyball, 78XD, EV 103.8 MPH), Distance : 413 ft
Batting: LHB Leonid Machehin 0-0: Called Strike
0-1: Ground out 4-3 (Groundball, 34, EV 101.2 MPH)
Batting: RHB Dylan Stavely 0-0: Swinging Strike
0-1: Ball
1-1: Fly out, F5 (Popup, 25F, EV 88.8 MPH)
Top of the 3rd over - 1 run, 1 hit, 0 errors, 0 left on base; Bloomington 1 - Syracuse 0
BOTTOM OF THE 3RD
Syracuse Starks batting - Pitching for Bloomington Longnecks : RHP Govaart van Ankeren
Batting: LHB Bill Gracián 0-0: Ball
1-0: Foul Ball, location: 2F
1-1: Foul Ball, location: 2F
1-2: Strikes out swinging
Batting: RHB Patrick Mildren 0-0: Ground out 4-3 (Groundball, 4, EV 103.8 MPH)
Batting: RHB Francisco Agámez 0-0: Called Strike
0-1: Foul Ball, location: 2F
0-2: Strikes out swinging
Bottom of the 3rd over - 0 runs, 0 hits, 0 errors, 0 left on base; Bloomington 1 - Syracuse 0
TOP OF THE 4TH
Bloomington Longnecks batting - Pitching for Syracuse Starks : RHP Edmund Blackadder
Batting: LHB Vicente Gomillion 0-0: Ball
1-0: Ball
2-0: Ball
3-0: Base on Balls
Batting: LHB Craig Morgan 0-0: Ball
1-0: Ball
2-0: Swinging Strike
2-1: Called Strike
2-2: Foul Ball, location: 2F
2-2: Foul Ball, location: 2F
2-2: Ball
3-2: Fly out, F8 (Flyball, 8LD, EV 94.4 MPH)
Batting: SHB Jorge Rocha 0-0: Called Strike
0-1: Swinging Strike
0-2: Ball
1-2: Strikes out swinging
Batting: RHB James Strickland 0-0: Ball
1-0: Called Strike
1-1: Foul Ball, location: 2F
1-2: Strikes out looking
Top of the 4th over - 0 runs, 0 hits, 0 errors, 1 left on base; Bloomington 1 - Syracuse 0
BOTTOM OF THE 4TH
Syracuse Starks batting - Pitching for Bloomington Longnecks : RHP Govaart van Ankeren
Batting: RHB Yoshiki Shimizu 0-0: SINGLE (Flyball, 9LM, EV 99.4 MPH)
Batting: RHB Akke Derksen 0-0: Called Strike
0-1: Swinging Strike
0-2: Ball
1-2: Ball
Yoshiki Shimizu steals 2nd base
2-2: Foul Ball, location: 2F
2-2: Strikes out swinging
Batting: RHB Arsenio Laurel 0-0: Ball
1-0: Swinging Strike
1-1: Fly out, F8 (Line Drive, 8RD, EV 95.0 MPH)
Batting: LHB Martín Pliego 0-0: Called Strike
0-1: Ground out 1-3 (Groundball, 34S, EV 88.8 MPH)
Bottom of the 4th over - 0 runs, 1 hit, 0 errors, 1 left on base; Bloomington 1 - Syracuse 0
TOP OF THE 5TH
Bloomington Longnecks batting - Pitching for Syracuse Starks : RHP Edmund Blackadder
Batting: SHB Junior O'Day 0-0: Ball
1-0: Swinging Strike
1-1: Swinging Strike
1-2: Strikes out looking
Batting: RHB Júlio Rodríguez 0-0: Ball
1-0: Ball
2-0: Ball
3-0: Called Strike
3-1: Ground out 1-3 (Groundball, 13S, EV 73.1 MPH)
Batting: RHB Nelson Jaramillo 0-0: Ball
1-0: Called Strike
1-1: Foul Ball, location: 2F
1-2: Foul Ball, location: 2F
1-2: Ball
2-2: Ball
3-2: Foul Ball, location: 2F
3-2: Foul Ball, location: 2F
3-2: DOUBLE (Line Drive, 89D, EV 97.5 MPH)
Batting: LHB Leonid Machehin 0-0: Foul Ball, location: 2F
0-1: Foul Ball, location: 2F
0-2: Fly out, F9 (Line Drive, 9, EV 86.2 MPH)
Top of the 5th over - 0 runs, 1 hit, 0 errors, 1 left on base; Bloomington 1 - Syracuse 0
BOTTOM OF THE 5TH
Syracuse Starks batting - Pitching for Bloomington Longnecks : RHP Govaart van Ankeren
Batting: RHB Luther H. Greene 0-0: Foul Ball, location: 2F
0-1: Fly out, F8 (Flyball, 89M, EV 90.6 MPH)
Batting: RHB Atanza Vongor 0-0: Called Strike
0-1: Swinging Strike
0-2: Ball
1-2: Strikes out looking
Batting: LHB Bill Gracián 0-0: Ground out 4-3 (Groundball, 4, EV 104.4 MPH)
Bottom of the 5th over - 0 runs, 0 hits, 0 errors, 0 left on base; Bloomington 1 - Syracuse 0
TOP OF THE 6TH
Bloomington Longnecks batting - Pitching for Syracuse Starks : RHP Edmund Blackadder
Batting: RHB Dylan Stavely 0-0: Ball
1-0: Ball
2-0: Called Strike
2-1: Swinging Strike
2-2: Foul Ball, location: 2F
2-2: Foul Ball, location: 2F
2-2: Strikes out looking
Batting: LHB Vicente Gomillion 0-0: Ball
1-0: Foul Ball, location: 2F
1-1: Ball
2-1: Ball
3-1: Foul Ball, location: 2F
3-2: DOUBLE (Line Drive, 9LM, EV 111.9 MPH)
Batting: LHB Craig Morgan 0-0: Intentional Walk
Pitching: RHP Blaine Stottlar
Batting: SHB Jorge Rocha 0-0: Ball
1-0: Foul Ball, location: 2F
1-1: Swinging Strike
1-2: Strikes out swinging
Batting: RHB James Strickland 0-0: Called Strike
0-1: Ball
1-1: Ball
2-1: SINGLE (Popup, 5D, EV 50.0 MPH)
Vicente Gomillion to third
Craig Morgan to second
Runner from 3rd tries for Home, SAFE, no throw by 3B
Batting: SHB Junior O'Day 0-0: Ball
1-0: Ball
2-0: Foul Ball, location: 2F
2-1: Foul Ball, location: 2F
2-2: Foul Ball, location: 2F
2-2: Ball
3-2: Strikes out swinging
Top of the 6th over - 1 run, 2 hits, 0 errors, 2 left on base; Bloomington 2 - Syracuse 0
BOTTOM OF THE 6TH
Syracuse Starks batting - Pitching for Bloomington Longnecks : RHP Govaart van Ankeren
Batting: RHB Patrick Mildren 0-0: Ground out 5-3 (Groundball, 56, EV 109.4 MPH)
Batting: RHB Francisco Agámez 0-0: Ball
1-0: SOLO HOME RUN (Flyball, 7LD, EV 102.5 MPH), Distance : 345 ft
Batting: RHB Yoshiki Shimizu 0-0: SINGLE (Line Drive, 5D, EV 104.4 MPH)
Batting: RHB Akke Derksen 0-0: Ball
1-0: SINGLE (Groundball, 4MD, EV 100.0 MPH)
Yoshiki Shimizu to second
Runner from 2nd tries for 3rd, SAFE, no throw by CF
Batting: RHB Arsenio Laurel 0-0: Ball
1-0: Fly out, F8 (Flyball, 78S, EV 80.6 MPH)
Batting: LHB Martín Pliego 0-0: Ball
1-0: Called Strike
1-1: SINGLE (Groundball, 4D, EV 96.2 MPH)
Yoshiki Shimizu scores
Akke Derksen to second
Runner from 2nd tries for 3rd, SAFE, no throw by CF
Batting: RHB Luther H. Greene 0-0: Ball
1-0: Called Strike
1-1: Fielders Choice at 2nd, 6-4 (Groundball, 6, EV 85.0 MPH)
Bottom of the 6th over - 2 runs, 4 hits, 0 errors, 2 left on base; Bloomington 2 - Syracuse 2
TOP OF THE 7TH
Bloomington Longnecks batting - Pitching for Syracuse Starks : RHP Blaine Stottlar
Batting: RHB Júlio Rodríguez 0-0: Called Strike
0-1: Swinging Strike
0-2: Ball
1-2: Foul Ball, location: 2F
1-2: Foul Ball, location: 2F
1-2: Ball
2-2: Reached on error, E5 (Groundball, 56, EV 83.1 MPH)
Batting: RHB Nelson Jaramillo 0-0: Bunted foul
0-1: Ball
1-1: Bunted foul
1-2: Ball
2-2: DOUBLE (Flyball, 89D, EV 109.4 MPH)
Júlio Rodríguez to third
Batting: LHB Leonid Machehin 0-0: Intentional Walk
Batting: RHB Dylan Stavely 0-0: Ball
1-0: Called Strike
1-1: Foul Ball, location: 2F
1-2: Ball
2-2: Strikes out looking
Batting: LHB Vicente Gomillion 0-0: Called Strike
0-1: Foul Ball, location: 2F
0-2: Strikes out swinging
Batting: LHB Craig Morgan 0-0: Swinging Strike
0-1: DOUBLE (Groundball, 3L, EV 105.6 MPH)
Júlio Rodríguez scores
Nelson Jaramillo scores
Leonid Machehin to third
Batting: SHB Jorge Rocha 0-0: Ball
1-0: DOUBLE (Line Drive, 7LD, EV 100.0 MPH)
Leonid Machehin scores
Craig Morgan scores
Batting: RHB James Strickland 0-0: Ball
1-0: Ball
2-0: Foul Ball, location: 2F
2-1: Swinging Strike
2-2: Strikes out swinging
Top of the 7th over - 4 runs, 3 hits, 1 error, 1 left on base; Bloomington 6 - Syracuse 2
BOTTOM OF THE 7TH
Syracuse Starks batting - Pitching for Bloomington Longnecks : RHP Govaart van Ankeren
Batting: RHB Atanza Vongor 0-0: Called Strike
0-1: Foul Ball, location: 2F
0-2: SINGLE (Groundball, 6MD, EV 95.0 MPH)
Pitching: RHP Omara Moctar
Batting: LHB Bill Gracián 0-0: Foul Ball, location: 2F
0-1: Foul Ball, location: 2F
0-2: Ball
1-2: Ball
2-2: Ball
3-2: DOUBLE (Flyball, 8RD, EV 96.2 MPH)
Atanza Vongor to third
Batting: RHB Patrick Mildren 0-0: Ball
1-0: Called Strike
1-1: Fly out, F4 (Popup, 4S, EV 71.2 MPH)
Batting: RHB Francisco Agámez 0-0: Ball
1-0: Fly out, F4 (Line Drive, 4, EV 63.1 MPH)
Batting: RHB Yoshiki Shimizu 0-0: Ball
1-0: Foul Ball, location: 2F
1-1: Ball
2-1: Ball
3-1: Fly out, F8 (Flyball, 78M, EV 84.4 MPH)
Bottom of the 7th over - 0 runs, 2 hits, 0 errors, 2 left on base; Bloomington 6 - Syracuse 2
TOP OF THE 8TH
Bloomington Longnecks batting - Pitching for Syracuse Starks : RHP Blaine Stottlar
Batting: SHB Junior O'Day 0-0: Called Strike
0-1: Ball
1-1: Called Strike
1-2: Ball
2-2: Ball
3-2: Base on Balls
Batting: RHB Júlio Rodríguez 0-0: Sac Bunt to 15S - play at first, batter OUT! 1-3
Junior O'Day to second
Batting: RHB Nelson Jaramillo 0-0: Ball
1-0: Reached on error, E6 (Groundball, 6, EV 89.4 MPH)
Junior O'Day to third
Batting: LHB Leonid Machehin 0-0: Ball
1-0: Ball
2-0: Ball
3-0: Base on Balls
Nelson Jaramillo to second
Batting: RHB Dylan Stavely 0-0: Foul Ball, location: 2F
0-1: Ball
1-1: Called Strike
1-2: Strikes out swinging
Batting: LHB Vicente Gomillion 0-0: Ball
1-0: Foul Ball, location: 2F
1-1: Ball
2-1: Foul Ball, location: 2F
2-2: Strikes out swinging
Top of the 8th over - 0 runs, 0 hits, 1 error, 3 left on base; Bloomington 6 - Syracuse 2
BOTTOM OF THE 8TH
Syracuse Starks batting - Pitching for Bloomington Longnecks : RHP Omara Moctar
Batting: RHB Akke Derksen 0-0: Ball
1-0: Ball
2-0: Ball
3-0: Called Strike
3-1: Hit by Pitch
Batting: RHB Arsenio Laurel 0-0: Ball
1-0: Foul Ball, location: 2F
1-1: Foul Ball, location: 2F
1-2: Foul Ball, location: 2F
1-2: Strikes out swinging
Batting: LHB Martín Pliego 0-0: DOUBLE (Line Drive, 89M, EV 106.2 MPH)
Akke Derksen to third
Batting: RHB Luther H. Greene 0-0: Foul Ball, location: 2F
0-1: Swinging Strike
0-2: Ball
1-2: Strikes out swinging
Batting: RHB Atanza Vongor 0-0: Swinging Strike
0-1: Ball
1-1: Ball
2-1: Ground out 1-3 (Groundball, 34S, EV 81.2 MPH)
Bottom of the 8th over - 0 runs, 1 hit, 0 errors, 2 left on base; Bloomington 6 - Syracuse 2
TOP OF THE 9TH
Bloomington Longnecks batting - Pitching for Syracuse Starks : RHP Blaine Stottlar
Batting: LHB Craig Morgan 0-0: Fly out, F8 (Flyball, 78D, EV 101.2 MPH)
Batting: SHB Jorge Rocha 0-0: Ball
1-0: SINGLE (Groundball, 4D, EV 105.6 MPH)
Batting: RHB James Strickland 0-0: SINGLE (Flyball, 7S, EV 85.6 MPH)
Jorge Rocha to second
Pitching: LHP Stan Lowe
Batting: SHB Junior O'Day 0-0: Ball
1-0: Called Strike
1-1: SINGLE (Flyball, 7LS, EV 90.6 MPH)
Jorge Rocha to third
James Strickland to second
Runner from 3rd tries for Home, SAFE, throw by LF to home
Batting: RHB Júlio Rodríguez 0-0: Ball
1-0: Ball
2-0: Foul Ball, location: 2F
2-1: Foul Ball, location: 2F
2-2: Ball
3-2: Strikes out looking
Batting: RHB Nelson Jaramillo 0-0: Foul Ball, location: 2F
0-1: Foul Ball, location: 2F
0-2: Foul Ball, location: 2F
0-2: SINGLE (Groundball, 4D, EV 100.0 MPH)
James Strickland to third
Junior O'Day to second
Runner from 3rd tries for Home, throw by RF and OUT! 9-2
Top of the 9th over - 1 run, 4 hits, 0 errors, 2 left on base; Bloomington 7 - Syracuse 2
BOTTOM OF THE 9TH
Syracuse Starks batting - Pitching for Bloomington Longnecks : RHP Omara Moctar
Batting: LHB Bill Gracián 0-0: Ball
1-0: Called Strike
1-1: Called Strike
1-2: Strikes out swinging
Batting: RHB Patrick Mildren 0-0: Ground out 5-3 (Groundball, 56S, EV 70.6 MPH)
Batting: RHB Francisco Agámez 0-0: Called Strike
0-1: Ball
1-1: Ground out 6-3 (Groundball, 6, EV 79.4 MPH)
Bottom of the 9th over - 0 runs, 0 hits, 0 errors, 0 left on base; Bloomington 7 - Syracuse 2
Friday, March 26th, 2021 - OOTP Baseball 20.8 Build 74